Map: Selva profunda EE

Players

David

  • Race: Terran Terran
  • League: Gold
  • Spawn Location: 3:00

MauryST

  • Race: Protoss Protoss
  • Spawn Location: 1:00

Ricardo

  • Race: Terran Terran
  • Spawn Location: 1:00

TATORREA

  • Race: Protoss Protoss
  • League: Silver
  • Spawn Location: 7:00

tigro

  • Race: Terran Terran
  • League: Bronze
  • Spawn Location: 7:00

MrFercho

  • Race: Terran Terran
  • League: Silver
  • Spawn Location: 7:00

VOD

Have the link to the VOD?

Description

Time

  • Played on: June 3, 2020, 9:54 p.m.
  • Length: 9:06
Show
View Real Time Build Order
Export as new Build Order

David Terran 

Build Orders:  

Get SALT Encoding   

  12  0:04  SCV  
  13  0:14  Supply Depot  
  13  0:20  Refinery  
  13  0:40  Barracks  
  13  0:55  SCV  
  14  1:10  Refinery  
  14  1:12  SCV  
  15  1:24  SCV  
  16  1:43  SCV  
  16  1:46  Barracks Reactor  
  17  1:49  Supply Depot  
  17  1:55  SCV  
  17  2:00  Factory  
  18  2:07  SCV  
  19  2:20  SCV  
  20  2:24  Marine x2  
  22  2:32  SCV  
  23  2:38  Supply Depot  
  23  2:42  Marine  
  23  2:43  Marine  
  25  2:46  Factory Tech Lab  
  25  2:51  Starport  
  25  2:59  Marine  
  25  3:01  Orbital Command  
  26  3:17  Siege Tank  
  29  3:34  Starport Tech Lab  
  29  3:36  Starport  
  29  3:40  Marine x2  
  31  3:53  Siege Tank  
  34  4:02  Marine x2  
  36  4:08  SCV  
  37  4:16  Starport Tech Lab  
  37  4:45  Cloaking Field  
  37  4:58  Supply Depot  
  37  5:19  Banshee x2  
  43  5:47  Supply Depot  
  43  5:53  Command Center  
  43  6:23  Banshee  
  43  6:24  Banshee  
  49  6:28  Supply Depot  
  49  6:36  Marine x2, Siege Tank  
  49  6:38  SCV  
  55  6:50  SCV  
  52  7:52  Banshee x2  
Show
View Real Time Build Order
Export as new Build Order

MauryST Protoss 

Build Orders: 1 Gate Expand 

Get SALT Encoding   

  12  0:01  Probe  
  13  0:15  Pylon  
  13  0:18  Probe (Chrono Boost)  
  14  0:31  Probe (Chrono Boost)  
  15  0:37  Gateway  
  15  0:45  Probe  
  16  0:57  Probe  
  17  1:09  Probe (Chrono Boost)  
  18  1:22  Probe (Chrono Boost)  
  18  1:23  Nexus  
  19  1:29  Zealot  
  19  1:30  Probe (Chrono Boost)  
  22  1:36  Assimilator  
  22  1:39  Probe  
  23  1:45  Assimilator  
  23  1:58  Pylon  
  23  2:16  Probe (Chrono Boost)  
  23  2:20  Gateway  
  24  2:25  Probe (Chrono Boost)  
  24  2:27  Cybernetics Core  
  25  2:32  Probe (Chrono Boost)  
  25  2:36  Probe (Chrono Boost)  
  28  2:46  Probe (Chrono Boost)  
  28  2:47  Probe (Chrono Boost)  
  28  2:51  Probe (Chrono Boost)  
  30  3:00  Zealot  
  30  3:03  Probe (Chrono Boost)  
  32  3:09  Stalker  
  32  3:10  Warp Gate  
  32  3:12  Probe (Chrono Boost)  
  35  3:18  Assimilator  
  36  3:20  Probe (Chrono Boost)  
  36  3:21  Probe (Chrono Boost)  
  36  3:23  Pylon  
  36  3:26  Probe (Chrono Boost)  
  38  3:27  Probe (Chrono Boost)  
  39  3:38  Stalker  
  39  3:39  Stalker  
  39  3:40  Probe (Chrono Boost)  
  44  3:42  Probe (Chrono Boost)  
  45  3:50  Assimilator  
  45  3:54  Probe (Chrono Boost)  
  46  3:58  Probe (Chrono Boost)  
  46  3:59  Probe (Chrono Boost)  
  48  4:09  Probe  
  49  4:19  Forge  
  49  4:22  Stalker x2, Pylon, Probe (Chrono Boost)  
  54  4:28  Pylon  
  54  4:34  Pylon  
  54  4:40  Probe (Chrono Boost)  
  54  4:41  Pylon  
  54  4:43  Probe (Chrono Boost)  
  56  4:47  Probe  
  56  4:49  Gateway x2  
  56  4:52  Probe  
  58  4:54  Gateway  
  58  4:59  Probe  
  59  5:05  Stalker x2  
  63  5:14  Protoss Ground Weapons Level 1  
  63  5:21  Photon Cannon  
  63  5:25  Photon Cannon  
  63  5:40  Stalker x2  
  67  5:44  Stalker  
  67  5:45  Stalker  
  71  5:57  Photon Cannon  
  71  6:05  Robotics Facility  
  71  6:09  Pylon  
  71  6:16  Pylon  
  71  6:24  Probe (Chrono Boost)  
  71  6:25  Probe (Chrono Boost)  
  73  6:32  Photon Cannon  
  73  6:35  Probe (Chrono Boost)  
  73  6:38  Probe (Chrono Boost)  
  73  6:39  Photon Cannon  
  75  6:40  Probe (Chrono Boost)  
  75  6:46  Probe  
  77  6:50  Probe  
  78  7:02  Probe  
  73  7:32  Stalker x5  
  73  7:33  Probe (Chrono Boost)  
  84  7:43  Probe x2 (Chrono Boost)  
  86  7:48  Probe (Chrono Boost)  
  86  7:49  Probe  
  88  7:51  Pylon  
  84  8:00  Probe  
  84  8:01  Stalker  
  84  8:02  Stalker x4  
  95  8:12  Probe  
  94  8:14  Pylon  
  94  8:16  Stargate  
  94  8:17  Stargate  
  94  8:20  Stargate  
  94  8:23  Stargate  
  94  8:26  Observer  
  95  8:29  Robotics Facility  
  95  8:32  Robotics Bay  
  95  8:40  Stalker x4  
  95  8:41  Stalker  
Show
View Real Time Build Order
Export as new Build Order

Ricardo Terran 

Build Orders: Mech 

Get SALT Encoding   

  12  0:03  SCV  
  13  0:15  SCV  
  14  0:27  SCV  
  15  0:37  Supply Depot  
  15  0:55  Supply Depot  
  15  1:17  SCV  
  16  1:20  Supply Depot  
  16  1:24  Supply Depot  
  16  1:29  SCV  
  16  1:32  Supply Depot  
  17  1:40  Barracks  
  17  1:41  SCV  
  18  1:51  Supply Depot  
  18  1:53  SCV  
  19  1:59  Supply Depot  
  19  2:05  SCV  
  20  2:14  Supply Depot  
  20  2:17  SCV  
  21  2:33  Command Center  
  21  2:43  Marine  
  22  2:49  Refinery  
  22  2:52  Refinery  
  22  3:01  Marine  
  22  3:04  Refinery  
  23  3:06  Refinery  
  23  3:12  SCV  
  24  3:19  Marine  
  25  3:24  SCV  
  26  3:36  Marine, SCV  
  28  3:48  SCV  
  29  3:54  Marine  
  30  3:56  Factory  
  31  4:05  Orbital Command  
  31  4:09  Orbital Command  
  30  4:12  Marine  
  31  4:24  Factory  
  31  4:29  Factory  
  31  4:30  Marine  
  32  4:37  SCV  
  33  4:49  SCV  
  34  4:53  SCV  
  35  5:01  Marine  
  35  5:05  SCV  
  37  5:10  Factory Tech Lab  
  37  5:12  Factory Tech Lab  
  37  5:15  Factory Tech Lab  
  37  5:17  SCV  
  37  5:19  Marine  
  39  5:30  SCV  
  40  5:36  Siege Tank  
  40  5:37  Marine, Siege Tank  
  40  5:39  Siege Tank  
  40  5:42  SCV  
  51  5:55  Marine  
  52  6:11  Siege Tank  
  55  6:15  Siege Tank  
  61  6:18  Siege Tank  
  61  6:19  Marine  
  62  6:37  Marine, Engineering Bay  
  63  6:55  Marine  
  64  7:49  Siege Tank  
  64  7:51  Siege Tank  
  70  7:57  Missile Turret  
Show
View Real Time Build Order
Export as new Build Order

TATORREA Protoss 

Build Orders:  

Get SALT Encoding   

  12  0:01  Probe  
  13  0:19  Probe  
  14  0:31  Probe  
  14  0:34  Pylon  
  15  0:52  Probe  
  15  0:53  Forge  
  16  0:58  Gateway  
  16  1:04  Probe  
  16  1:07  Assimilator  
  17  1:16  Probe  
  18  1:28  Probe  
  19  1:40  Probe  
  20  2:05  Assimilator, Probe  
  21  2:26  Pylon  
  21  2:29  Nexus  
  21  2:36  Probe  
  22  2:41  Cybernetics Core  
  22  2:44  Gateway, Zealot  
  22  2:46  Gateway  
  22  2:48  Protoss Ground Weapons Level 1  
  24  3:17  Probe  
  24  3:29  Probe  
  25  3:41  Pylon, Probe  
  25  3:45  Pylon  
  25  3:48  Pylon  
  26  3:55  Twilight Council  
  26  3:57  Robotics Facility  
  26  3:59  Stargate  
  26  4:03  Probe x2  
  28  4:15  Warp Gate (Chrono Boost), Probe x2  
  30  4:17  Stalker  
  30  4:18  Stalker  
  30  4:20  Zealot  
  32  4:29  Probe  
  32  4:31  Probe  
  38  4:41  Charge  
  38  4:49  Warp Prism  
  40  5:00  Probe x2  
  40  5:04  Protoss Ground Weapons Level 2  
  42  5:12  Probe x2  
  42  5:14  Assimilator  
  44  5:24  Probe x2  
  46  5:31  Void Ray  
  50  5:36  Probe x2  
  52  5:46  Assimilator  
  52  5:48  Probe x2  
  52  5:49  Immortal  
  58  5:58  Stalker  
  58  6:00  Stalker  
  58  6:03  Zealot  
  64  6:19  Probe x2  
  66  6:31  Probe  
  67  6:36  Gateway  
  67  6:38  Gateway  
  67  6:40  Probe  
  67  6:41  Gateway  
  67  6:43  Probe  
  67  6:46  Pylon  
  69  6:54  Pylon  
  69  6:57  Pylon  
  69  7:00  Pylon  
  53  7:15  Stalker x3  
  53  7:23  Void Ray  
  52  7:38  Stalker  
  52  7:39  Stalker x3  
  52  7:43  Stalker x2  
  22  8:41  Pylon  
  22  8:45  Pylon  
  22  8:50  Stargate  
  22  8:53  Stargate  
  22  8:56  Robotics Facility  
  22  8:57  Twilight Council  
Show
View Real Time Build Order
Export as new Build Order

tigro Terran 

Build Orders:  

Get SALT Encoding   

  12  0:03  SCV  
  13  0:15  SCV  
  14  0:26  Supply Depot  
  14  0:28  SCV  
  15  0:36  Refinery  
  15  0:47  SCV  
  16  1:00  Barracks  
  16  1:07  SCV  
  17  1:18  Refinery  
  17  1:19  SCV  
  18  1:26  Supply Depot  
  18  1:31  SCV  
  19  1:43  SCV  
  20  1:52  Marine  
  21  1:55  SCV  
  22  2:07  SCV  
  23  2:10  Marine  
  23  2:13  Barracks  
  24  2:21  SCV  
  25  2:27  Marine  
  26  2:30  Engineering Bay  
  26  2:33  SCV  
  27  2:45  Marine  
  28  3:03  Marine  
  29  3:18  Barracks Tech Lab  
  29  3:23  Orbital Command  
  29  3:30  Factory  
  29  3:33  Barracks Tech Lab  
  29  3:47  Combat Shield  
  29  4:26  Starport  
  29  4:27  Command Center  
  29  4:28  Stimpack  
  29  4:32  Marine  
  29  4:35  Marine  
  31  4:41  Factory Tech Lab  
  31  4:50  Marine  
  32  4:53  Marine  
  33  5:03  Starport  
  33  5:06  Concussive Shells  
  33  5:08  Marine  
  33  5:11  Marine  
  33  5:13  Medivac  
  37  5:23  Terran Infantry Weapons Level 1  
  37  5:24  Siege Tank  
  37  5:26  Marine  
  41  5:29  Marine  
  42  5:40  Refinery  
  42  5:44  Marine  
  42  5:46  Marine  
  44  6:01  Starport Tech Lab  
  44  6:03  Starport Tech Lab  
  44  6:29  Planetary Fortress  
  44  6:45  Armory  
  44  6:59  Banshee  
  30  7:22  Siege Tank  
  30  7:25  Marine  
  30  7:26  Marine  
  32  7:30  Viking  
  32  7:34  Fusion Core  
  34  7:43  Marine x2  
  36  8:01  Marine x2  
  33  8:19  Marine x2  
  32  8:23  Siege Tank  
  36  8:34  SCV  
  36  8:37  Marine x2  
  38  8:46  SCV  
Show
View Real Time Build Order
Export as new Build Order

MrFercho Terran 

Build Orders:  

Get SALT Encoding   

  12  0:01  SCV  
  13  0:39  Supply Depot  
  13  1:15  Command Center  
  13  1:20  Barracks  
  13  1:22  Refinery  
  13  1:25  Barracks  
  13  1:32  SCV  
  14  1:44  SCV  
  15  1:58  SCV  
  16  2:10  SCV  
  17  2:25  Marine x2  
  19  2:43  Marine  
  20  3:22  Barracks Tech Lab  
  20  3:23  Barracks Reactor  
  20  3:24  Factory  
  20  3:28  Refinery  
  20  3:29  Orbital Command  
  20  3:34  Engineering Bay  
  20  3:35  Orbital Command  
  20  4:16  Starport  
  20  4:18  Factory  
  20  4:29  SCV  
  20  4:30  SCV  
  22  4:41  Supply Depot, SCV  
  22  4:42  SCV  
  22  4:43  Supply Depot  
  22  4:45  Factory Tech Lab  
  24  4:52  Refinery  
  24  4:53  SCV  
  24  4:54  SCV  
  26  5:04  Refinery  
  26  5:05  SCV  
  26  5:06  Supply Depot, SCV  
  28  5:18  SCV x2  
  30  5:23  Armory  
  30  5:33  Armory  
  30  5:46  SCV x2  
  32  5:58  SCV x2  
  32  6:04  Marine x3  
  35  6:10  SCV x2  
  39  6:21  Marine  
  39  6:22  Marine x2, SCV x2  
  39  6:24  Starport  
  39  6:25  Starport  
  44  6:29  Factory Reactor  
  44  6:34  SCV x2  
  44  6:39  Marine  
  47  6:40  Marine x2  
  45  6:57  Marine  
  46  7:19  Thor  
  44  7:28  Viking x3  
  49  7:31  Marine  
  49  7:32  Marine x2  
  52  7:42  Widow Mine x2  
  56  7:49  Marine  
  56  7:50  Marine  
  58  7:54  Factory  
  58  7:58  Viking x2  
  61  8:07  Viking  
  61  8:12  Widow Mine  
  61  8:13  Widow Mine  
  53  8:37  Starport Tech Lab  
Tags
 
Add a new tag
Caveats
  • Supply blocks, unpowered buildings, or Contaminate may cause inaccurate times.
  • Supply counts are checked every 10 seconds.